 Dungeon Crawl Stone Soup version 0.31-a0-177-g4aa6249778 (webtiles) character file.

Game seed: 17397441706036219783

121 qw the Shooter (level 5, -5/49 HPs)
             Began as a Naga Hunter on June 18, 2023.
             Slain by a goblin
             ... wielding a +0 club
             ... led by Robin
              (6 damage)
             ... on level 2 of the Dungeon.
             The game lasted 00:00:22 (788 turns).

qw the Shooter (Naga Hunter)                         Turns: 788, Time: 00:00:22

Health: -5/49      AC:  3    Str: 13    XL:     5   Next: 5%
Magic:  5/5        EV:  9    Int:  9    God:
Gold:   54         SH:  0    Dex: 17    Spells: 4/4 levels left

rFire   . . .        Y - +1 shortbow
rCold   . . .        (shield currently unavailable)
rNeg    . . .        c - +0 leather armour
rPois   +            (no helmet)
rElec   .            (no cloak)
rCorr   .            (no gloves)
SInv    +            (no barding)
Will    .....        (no amulet)
Stlth   ++           (no ring)
HPRegen 0.28/turn    (no ring)
MPRegen 0.09/turn

%: no passive effects
@: short of breath, very slow
A: AC +1, large, see invisible, deformed body, poison resistance, slowness 2,
spit poison 1, naga tail 1
a: Spit Poison


You were on level 2 of the Dungeon.
You visited 1 branch of the dungeon, and saw 2 of its levels.

You collected 54 gold pieces.


Innate Abilities, Weirdness & Mutations

Your serpentine skin is tough. (AC +1)
You have supernaturally acute eyesight. (SInv)
Armour fits poorly on your strangely shaped body.
Your system is resistant to poisons. (rPois)
You cover ground very slowly.
You can spit poison.
You have a snake-like lower body.


   Skills:
 - Level 3.1 Fighting
 + Level 5.1 Ranged Weapons
 - Level 1.5 Dodging
 - Level 1.5 Stealth


You had 4 spell levels left.
You didn't know any spells.
Your spell library was empty.

Inventory:

Hand Weapons
 Y - a +1 shortbow (weapon)
Armour
 a - the +5 ring mail of the Garden {rElec Will++ Regen+ Int-2}
   (You found it on level 2 of the Dungeon)

   Int:       It affects your intelligence (-2).
   rElec:     It insulates you from electricity.
   Regen:     It increases your rate of health regeneration.
   Will:      It greatly increases your willpower.
 c - a +0 leather armour (worn)
Scrolls
 b - a scroll of poison {unknown}
 d - 2 scrolls of teleportation {unknown}
 f - 2 scrolls of identify {unknown}
Potions
 e - a potion of haste {unknown}
 g - a potion of resistance {unknown}

Dungeon Overview and Level Annotations

Branches:
Dungeon (2/15)

Altars:


Message History

A goblin comes into view. It is wielding a +0 dagger. x2
You shoot an arrow. The hobgoblin shouts!
The arrow hits the hobgoblin!
You kill the hobgoblin!
You have got your breath back.
A goblin comes into view. It is wielding a +0 dagger.
You have reached level 5!
781 ||| INVOKING Spit Poison.
Aiming: Spit Poison (1% risk of failure)
Press: ? - help, Shift-Dir - straight line, f - goblin The splash of poison hits the goblin!
You kill the goblin!
You shoot an arrow. The arrow hits the goblin!
You kill the goblin!
You shoot an arrow. The arrow barely misses the goblin. x2
You have got your breath back.
784 ||| INVOKING Spit Poison.
Aiming: Spit Poison (1% risk of failure)
Press: ? - help, Shift-Dir - straight line, f/p - goblin The splash of poison hits the goblin!
You kill the goblin!
The goblin hits you with a +0 dagger of venom.
The goblin unwields a +0 club.
The goblin wields a +0 sling.
The goblin shoots a sling bullet.
The sling bullet closely misses you.
You shoot an arrow. The arrow hits the goblin.
You kill the goblin!
You shoot an arrow. The arrow closely misses the goblin.
The goblin barely misses you.
The goblin unwields a +0 sling.
The goblin wields a +0 club.
The goblin barely misses you. The goblin hits you with a +0 dagger.
You shoot an arrow. The arrow barely misses the goblin.
The arrow closely misses the goblin.
The goblin hits you with a +0 club. The goblin hits you with a +0 dagger.
The goblin hits you but does no damage.
You shoot an arrow. The arrow barely misses the goblin.
The arrow hits the goblin!
You kill the goblin!
The goblin hits you with a +0 dagger. The goblin hits you with a +0 club.
You die...

........%.......
###....#...#####
#...........#
#...#.......#
#####.......#
###.....# .
#.....# ...
#.....#####.....
#.....(.@gg..)$#
#########gg....#
......+ ......#
.>..... .....##
.....# .....#


You could see a hobgoblin (strong) and 3 goblins.

Vanquished Creatures
  Natasha (twice) (D:2)
  Robin (D:2)
  3 adders (D:2)
  2 dart slugs (D:1)
  3 bats
  An endoplasm (D:1)
  A giant cockroach (D:1)
  6 goblins (D:2)
  A hobgoblin (D:2)
  2 jackals (D:2)
  3 quokkas
  4 frilled lizards
  2 kobolds
  2 rats
33 creatures vanquished.

Notes
Turn   | Place    | Note
-------+----------+-------------------------------------------
     0 | D:1      | qw the Naga Hunter began the quest for the Orb.
     0 | D:1      | Reached XP level 1. HP: 19/19 MP: 1/1
     0 | D:1      | 0 ||| qw: Version: 0.3-a-5-g6f28e65
     0 | D:1      | 0 ||| qw: Game counter: 566
     0 | D:1      | 0 ||| qw: Always use a shield: true
     0 | D:1      | 0 ||| qw: God list: Okawaru
     0 | D:1      | 0 ||| qw: Allow faded altars: false
     0 | D:1      | 0 ||| qw: Do Orc after D:15 true
     0 | D:1      | 0 ||| qw: Do second Lair branch before Depths: true
     0 | D:1      | 0 ||| qw: Lair rune preference: random
     0 | D:1      | 0 ||| qw: Plans: Normal
     0 | D:1      | 0 ||| PLANNING D:1-11
    71 | D:1      | 71 ||| INVOKING Spit Poison.
    77 | D:1      | 77 ||| INVOKING Spit Poison.
    98 | D:1      | Found a faded altar of an unknown god.
   130 | D:1      | 130 ||| INVOKING Spit Poison.
   131 | D:1      | 131 ||| INVOKING Spit Poison.
   171 | D:1      | 171 ||| INVOKING Spit Poison.
   173 | D:1      | Reached skill level 4 in Ranged Weapons
   173 | D:1      | Reached XP level 2. HP: 26/26 MP: 2/2
   215 | D:1      | 215 ||| INVOKING Spit Poison.
   236 | D:1      | 236 ||| INVOKING Spit Poison.
   320 | D:1      | 320 ||| INVOKING Spit Poison.
   467 | D:1      | 467 ||| FLEEEEING.
   468 | D:1      | 468 ||| FLEEEEING.
   474 | D:1      | 474 ||| INVOKING Spit Poison.
   495 | D:1      | 495 ||| READING scroll labelled ARYPTU NIJEAKH.
   496 | D:1      | 496 ||| DROPPING scroll of butterflies.
   520 | D:2      | 520 ||| INVOKING Spit Poison.
   523 | D:2      | Identified the +5 ring mail of the Garden {rElec Will++
                  | Regen+ Int-2}
   571 | D:2      | 571 ||| INVOKING Spit Poison.
   578 | D:2      | 578 ||| INVOKING Spit Poison.
   582 | D:2      | 582 ||| INVOKING Spit Poison.
   589 | D:2      | 589 ||| INVOKING Spit Poison.
   594 | D:2      | 594 ||| INVOKING Spit Poison.
   595 | D:2      | Reached XP level 3. HP: 21/32 MP: 3/3
   644 | D:2      | Identified the +7 whip "Ymeteusch" {venom, rElec}
   653 | D:2      | Noticed Natasha
   654 | D:2      | 654 ||| INVOKING Spit Poison.
   657 | D:2      | 657 ||| Stepping ~*~*~tactically~*~*~ (outnumbered).
   659 | D:2      | 659 ||| INVOKING Spit Poison.
   659 | D:2      | Killed Natasha
   660 | D:2      | Reached skill level 5 in Ranged Weapons
   687 | D:2      | 687 ||| INVOKING Spit Poison.
   690 | D:2      | Reached XP level 4. HP: 39/39 MP: 4/4
   739 | D:2      | 739 ||| INVOKING Spit Poison.
   743 | D:2      | 743 ||| INVOKING Spit Poison.
   748 | D:2      | 748 ||| INVOKING Spit Poison.
   765 | D:2      | Noticed Natasha
   766 | D:2      | 766 ||| INVOKING Spit Poison.
   770 | D:2      | 770 ||| INVOKING Spit Poison.
   771 | D:2      | HP: 7/40 [Natasha/magic dart (7)]
   771 | D:2      | Noticed Robin
   772 | D:2      | Killed Natasha
   773 | D:2      | Reached skill level 3 in Fighting
   776 | D:2      | 776 ||| INVOKING Spit Poison.
   779 | D:2      | Killed Robin
   781 | D:2      | Reached XP level 5. HP: 12/49 MP: 5/5
   781 | D:2      | 781 ||| INVOKING Spit Poison.
   784 | D:2      | 784 ||| INVOKING Spit Poison.
   786 | D:2      | HP: 11/49 [goblin/+0 dagger[Robin] (2)]
   788 | D:2      | HP: 1/49 [goblin/+0 dagger[Robin] (5)]
   788 | D:2      | Slain by a goblin

Levels and vault maps discovered:
D:1:      ldierk_walled_garden, layout_basic, basic_ecumenical_altar
D:2:      layout_basic, uniq_robin, uniq_natasha, uniq_jessica

Skill      XL: |  1  2  3  4 |
---------------+-------------+-----
Ranged Weapons | 4 5 |  5.1
Fighting       | 3 |  3.1
Dodging        | |  1.5
Stealth        | |  1.5

Action                     |  1- 3 |  4- 6 || total
---------------------------+-------+-------++-------
   Fire: Shortbow          |    39 |    20 ||    59
Ability: Spit Poison       |    17 |     8 ||    25
    Use: Scroll            |     1 |       ||     1
 Armour: Leather armour    |     2 |     2 ||     4
  Dodge: Dodged            |     7 |     5 ||    12

Table legend:
 A = Non-vault XP
 B = Vault XP
 C = Vault XP percentage of total XP
 D = Non-vault monster count
 E = Vault monster count
 F = Vault count percentage of total count
                 A         B        C        D         E       F
            +---------+---------+-------+---------+---------+-------
      Total |     113 |      63 |  35.8 |      25 |       8 |  24.2
            +---------+---------+-------+---------+---------+-------
        D:1 |      22 |       0 |   0.0 |      11 |       0 |   0.0
        D:2 |      91 |      63 |  40.9 |      14 |       8 |  36.4
            +---------+---------+-------+---------+---------+-------
